[Event "Swiss Youth-ch U14 2023"]
[Site "Olten"]
[Date "2023.05.28"]
[Round "5.2"]
[White "Gut, Lionel"]
[Black "Udipi, Kala Kishan"]
[Result "1-0"]
[ECO "E73"]
[WhiteElo "2054"]
[BlackElo "1904"]
[Annotator "TA"]
[PlyCount "65"]
[EventDate "2023.05.26"]
[EventType "swiss"]
[EventCountry "SUI"]
[SourceTitle "playchess.com"]
[Source "ChessBase"]
[SourceQuality "1"]
[TimeControl "5400+30"]

1. d4 Nf6 2. c4 g6 3. h4 Bg7 4. Nc3 O-O 5. e4 d6 6. Be2 e5 7. d5 {[%emt 0:01:09] E73: King's Indian: Averbakh Variation without 6...c5.} Na6 8. h5 Nc5 9. h6 {[%emt 0:00:40] White is slightly better.} Bh8 10. Bg5 Qd7 11. Rh4 a5 12. Qc2 {[%emt 0:00:48] [#]} Rb8 $146 ({Predecessor:} 12... Ne8 13. g4 f6 14. Be3 Qe7 15. Rh2 Bd7 16. O-O-O Rb8 17. f3 Na6 18. Nh3 c6 {1-0 Netusil,M (2290)-Mejzlik,V (2210) CZE-chT1W 1415 2014 (2.5)}) 13. O-O-O (13. Nh3 $14) 13... c6 $11 14. dxc6 (14. g4 {feels stronger.}) 14... bxc6 15. Nf3 Qc7 16. Qd2 Ne8 (16... Qb7 $1 $17 {[%cal Od6d5] ...d5! would be deadly.} 17. Be3 Ng4 18. Bxc5 (18. Qxd6 $2 Qxb2#) 18... dxc5) 17. Be3 Na6 {[%emt 0:05:15] [#]} (17... Qb7 $11) 18. c5 Nxc5 $17 19. Bxc5 dxc5 20. Bc4 Qe7 ({Black should try} 20... Bf6 $17 21. Rhh1 Be7) 21. g4 (21. Rhh1 $15) 21... Be6 $2 (21... Rb4 $1 $19 22. b3 Be6 23. Bxe6 Qxe6) 22. Bxe6 $11 Qxe6 (22... fxe6 $5 23. Rh3 $8 Rf4 $15) 23. Qd7 $1 Qf6 (23... Bf6 {simplifies} 24. Qxe6 fxe6 25. Rh3 Rd8) 24. Rh3 {[%emt 0:00:00] [#]} (24. Rd3 $1 $11) 24... Qf4+ $1 $17 25. Nd2 {[%emt 0:00:00] [#]} (25. Kc2 $1 $15) 25... Nf6 ({Inferior is} 25... Qxf2 26. Rf3 Qh4 27. Rdf1 $11) (25... Bf6 $1 $19 {[%cal Rf6g5] White must now prevent ...Bg5.} 26. Qxc6 Bg5) 26. Qxc6 $15 Nxg4 $2 {[%emt 0:01:24][%mdl 8192] This costs Black the game.} (26... Qxg4 $15 27. Rd3 Qf4) 27. Nd5 $18 Qg5 {[%emt 0:05:56] Against Ne7+} 28. Rg3 {[%emt 0:00:00][%cal Og3g4] Rxg4! is the strong threat.} f5 (28... Rfe8 29. f3 (29. Qxc5 $2 Rec8 $19) 29... Qxh6) 29. f3 (29. Qxc5 $2 {loses.} Rbc8 30. Nc7 Rf7 $19) 29... Qh4 {[%emt 0:01:07] Black is weak on the light squares} 30. Rgg1 Nf6 31. exf5 ({Weaker is} 31. Qxc5 Nxd5 32. Qxd5+ Rf7 $18) (31. Qe6+ $142 Rf7 32. Rxg6+ (32. Qxe5 Nd7 $17) 32... hxg6 33. Ne7+ Kf8 34. Nxg6+ Kg8 35. Nxh4 Rb6 36. Rg1+ Ng4 37. Qxb6) 31... g5 32. Ne7+ {[%emt 0:00:00] Excellent horsemanship.} Kf7 33. Qe6+ {[%emt 0:00:00] Excellently played by Gut!   Weighted Error Value: White=0.47/Black=1.02} 1-0

[Event "Swiss Youth-ch U14 2023"]
[Site "Olten"]
[Date "2023.05.28"]
[Round "5.3"]
[White "Breyer, Philippe"]
[Black "Gut, Raphael"]
[Result "0-1"]
[ECO "B40"]
[WhiteElo "1766"]
[BlackElo "1817"]
[Annotator "NA RC"]
[PlyCount "82"]
[EventDate "2023.05.26"]
[EventType "swiss"]
[EventCountry "SUI"]
[SourceTitle "playchess.com"]
[Source "ChessBase"]
[SourceQuality "1"]
[TimeControl "5400+30"]

1. e4 c5 2. Nf3 e6 3. d4 cxd4 4. Nxd4 Nf6 5. Bd3 Nc6 6. Nxc6 bxc6 7. Qe2 d5 8. Nd2 Be7 9. c4 O-O 10. O-O Nd7 11. f4 Nc5 12. Bc2 Ba6 13. Rd1 Qb6 14. Kh1 Rfd8 15. b3 dxe4 16. Nxe4 Rxd1+ 17. Bxd1 Nxe4 18. Qxe4 Bf6 19. Rb1 Rd8 20. Be3 (20. Bf3 $5 ) 20... Qa5 21. Bc2 g6 22. a4 c5 23. b4 cxb4 24. Bb3 Qf5 25. Qxf5 gxf5 26. Bxa7 Rc8 27. Rc1 $17 (27. c5 $1 $15) 27... Bb2 28. Rc2 Bc3 29. c5 Bd3 30. Rc1 Be4 31. Rd1 Kh8 32. Rd7 Rg8 33. Kg1 Rxg2+ 34. Kf1 Rb2 35. Bc4 b3 36. Bd3 Rd2 37. Rd8+ Kg7 38. Bxe4 Rxd8 39. Bd3 Rxd3 40. c6 Rd8 41. c7 Rc8 0-1

[Event "Swiss Youth-ch U14 2023"]
[Site "Olten"]
[Date "2023.05.28"]
[Round "5.4"]
[White "Kanana, Ziad"]
[Black "Paholok, Adam"]
[Result "1-0"]
[ECO "C02"]
[WhiteElo "1828"]
[BlackElo "1556"]
[Annotator "NA RC"]
[PlyCount "89"]
[EventDate "2023.05.26"]
[EventType "swiss"]
[EventCountry "SUI"]
[SourceTitle "playchess.com"]
[Source "ChessBase"]
[SourceQuality "1"]
[TimeControl "5400+30"]

1. e4 e6 2. d4 d5 3. e5 c5 4. c3 Nc6 5. Nf3 Qb6 6. Be2 Bd7 7. O-O cxd4 8. cxd4 Nge7 9. Na3 Nf5 10. Nc2 Be7 11. Kh1 {[%emt 0:01:28] 11.Bd3 is setting a new trend.} Rc8 12. Bd3 h6 13. b4 a6 {[%emt 0:09:32] [#]} 14. g4 $146 ({Predecessor:} 14. Rb1 Qc7 15. b5 axb5 16. Bd2 O-O 17. g4 Nh4 18. g5 Nxf3 19. Qxf3 Bxg5 20. Bxg5 hxg5 21. Rg1 f5 22. Rxg5 Be8 {½-½ Hoehne,V (1907)-Vodicka,M (2050) SB-2013-0-00315}) 14... Nh4 15. Nxh4 Bxh4 16. f4 Be7 17. Be3 Na7 18. Qd2 ({White should try} 18. a4 $1 $14) 18... Bb5 19. a4 Bxd3 20. Qxd3 Qc6 21. Rfc1 Qc4 22. Qd2 Qc3 23. Qf2 Kd7 24. Ne1 Qb3 (24... Qxb4 $2 25. Rab1 $18 {[%mdl 64] Skewer, Deflection}) 25. Rcb1 Qc4 26. Rb2 Qc6 27. Nd3 ({White should play} 27. f5) 27... Rhd8 (27... Qc3 $16 28. Nc5+ Bxc5 29. bxc5 Rc7) 28. Nc5+ Ke8 29. f5 Bxc5 30. bxc5 exf5 31. gxf5 Qd7 32. Qf3 Nc6 33. Rg2 Ne7 34. e6 fxe6 35. Rxg7 Qc6 36. f6 Rd7 37. f7+ Kd8 38. f8=Q+ Kc7 39. Bf4+ e5 40. Bxe5+ Rd6 41. Bxd6+ Qxd6 42. cxd6+ Kb8 43. dxe7 b5 44. Qxc8+ Kxc8 45. e8=Q# 1-0

[Event "Swiss Youth-ch U14 2023"]
[Site "Olten"]
[Date "2023.05.28"]
[Round "5.5"]
[White "Stoll, Arturo"]
[Black "Haas, Anthony"]
[Result "1/2-1/2"]
[ECO "D35"]
[WhiteElo "1607"]
[BlackElo "1530"]
[Annotator "NA RC"]
[PlyCount "64"]
[EventDate "2023.05.26"]
[EventType "swiss"]
[EventCountry "SUI"]
[SourceTitle "playchess.com"]
[Source "ChessBase"]
[SourceQuality "1"]
[TimeControl "5400+30"]

1. d4 d5 2. c4 e6 3. Nc3 Nf6 4. cxd5 exd5 5. Bg5 Be7 6. e3 O-O 7. Bd3 h6 8. Bh4 Be6 9. Nf3 Nbd7 10. O-O c5 11. Rc1 Rc8 12. h3 Nh5 13. Bxe7 Qxe7 14. Be2 Nhf6 15. dxc5 Nxc5 16. Nd4 Rfd8 17. Bf3 a6 18. Nce2 Ncd7 19. Nf4 Ne5 20. Qe2 Qd7 21. Nd3 Nxf3+ 22. Qxf3 Ne4 23. Qe2 Rxc1 24. Rxc1 Rc8 25. Rxc8+ Qxc8 26. Nf4 Qc1+ 27. Kh2 Qc7 28. Kg1 Qc1+ 29. Kh2 Qc7 30. Ndxe6 fxe6 31. Qg4 Kh8 32. Qg6 Nf6 1/2-1/2

[Event "Swiss Youth-ch U14 2023"]
[Site "Olten"]
[Date "2023.05.28"]
[Round "5.6"]
[White "Akinkhov, Mikhail"]
[Black "Delangle, Alexander"]
[Result "1/2-1/2"]
[ECO "D10"]
[WhiteElo "1495"]
[BlackElo "1621"]
[Annotator "NA RC"]
[PlyCount "111"]
[EventDate "2023.05.26"]
[EventType "swiss"]
[EventCountry "SUI"]
[SourceTitle "playchess.com"]
[Source "ChessBase"]
[SourceQuality "1"]
[TimeControl "5400+30"]

1. d4 d5 2. c4 c6 3. e3 Bf5 4. Qb3 Qc7 5. cxd5 cxd5 6. Bb5+ Nd7 7. Nc3 e6 8. Bd2 Ngf6 9. Rc1 Rc8 10. Nf3 Bd6 11. O-O Qd8 12. Ne2 O-O 13. Rxc8 Qxc8 14. Rc1 Qd8 15. Bb4 Bxb4 16. Qxb4 Qb6 17. Qb3 Rd8 18. Bxd7 Nxd7 19. Qxb6 Nxb6 20. Rc7 Rd7 21. Rc1 f6 22. b3 Kf7 23. a4 g5 24. a5 Na8 25. Rc8 Nc7 26. Nc3 Re7 27. Rb8 Ne8 28. Rc8 Nd6 29. Rc5 Ne4 30. Nxe4 Bxe4 31. Kf1 Rd7 32. h3 Ke7 33. Ke2 Kd6 34. g3 Re7 35. b4 b6 36. axb6 axb6 37. Rc3 Ra7 38. b5 Ra2+ 39. Nd2 Bc2 40. Rc6+ Kd7 41. Rxb6 Rb2 42. Rb7+ Kd6 43. Rb6+ Kd7 44. Rb7+ Kd6 45. Rb6+ Kd7 46. Rb7+ Kd6 47. Rf7 Ba4 48. Ke1 Bxb5 49. f4 gxf4 50. gxf4 Bd3 51. Rxf6 Ra2 52. Rf7 Ra1+ 53. Kf2 Ra2 54. Ke1 Ra1+ 55. Kf2 Ra2 56. Ke1 1/2-1/2

[Event "Swiss Youth-ch U14 2023"]
[Site "Olten"]
[Date "2023.05.28"]
[Round "5.7"]
[White "Papaux, Jeremie"]
[Black "Gade, Niels Severin"]
[Result "0-1"]
[ECO "D53"]
[WhiteElo "1491"]
[BlackElo "1689"]
[Annotator "NA RC"]
[PlyCount "112"]
[EventDate "2023.05.26"]
[EventType "swiss"]
[EventCountry "SUI"]
[SourceTitle "playchess.com"]
[Source "ChessBase"]
[SourceQuality "1"]
[TimeControl "5400+30"]

1. d4 d5 2. c4 c6 3. Nf3 Nf6 4. Nc3 e6 5. Bg5 Nbd7 6. e3 Be7 7. Bd3 dxc4 8. Bxc4 b5 9. Be2 a6 10. O-O O-O 11. Rc1 Bb7 12. a3 h6 13. Bh4 c5 14. Na2 Rc8 15. Ne5 Nxe5 16. dxe5 Nd5 17. Bxe7 Qxe7 18. Nc3 Rfd8 19. Qc2 Nxc3 20. Qxc3 b4 21. Qb3 Qg5 22. g3 Qxe5 23. f4 Qd6 24. Rcd1 Qb6 25. Bc4 Qc6 26. Bd5 Rxd5 27. Rxd5 Qxd5 28. Qxd5 Bxd5 29. Rc1 bxa3 30. bxa3 c4 31. Kf2 c3 32. Ke2 Be4 33. a4 c2 34. Kd2 Rb8 35. Rg1 Rb1 36. Rc1 Rxc1 37. Kxc1 f5 38. a5 Kf8 39. h3 Ke7 40. g4 g6 41. g5 h5 42. h4 Kd6 43. Kd2 Kc5 44. Kc1 Kb5 45. Kb2 Kxa5 46. Kc3 c1=Q+ 47. Kd4 Qc8 48. Ke5 Qe8 49. Kf6 Kb5 50. Ke5 Kc5 51. Kf6 a5 52. Ke5 a4 53. Kf6 a3 54. Kg7 a2 55. Kh6 a1=Q 56. Kh7 Qah8# 0-1

[Event "Swiss Youth-ch U14 2023"]
[Site "Olten"]
[Date "2023.05.28"]
[Round "5.8"]
[White "Gafner, Lancelot"]
[Black "Van Aepelen, Nikolai"]
[Result "1/2-1/2"]
[ECO "B12"]
[WhiteElo "1641"]
[BlackElo "1623"]
[Annotator "NA RC"]
[PlyCount "70"]
[EventDate "2023.05.26"]
[EventType "swiss"]
[EventCountry "SUI"]
[SourceTitle "playchess.com"]
[Source "ChessBase"]
[SourceQuality "1"]
[TimeControl "5400+30"]

1. e4 c6 2. d4 d5 3. e5 c5 4. dxc5 Nc6 5. Bb5 e6 6. Be3 Bd7 7. Bxc6 Bxc6 8. Nf3 Ne7 9. c3 a5 10. O-O Ng6 11. Qd4 Be7 12. b4 O-O 13. a3 Bb5 14. Re1 h6 15. Nbd2 axb4 16. cxb4 Qd7 17. Ra2 Rfc8 18. Nb3 Ra6 19. Bc1 b6 20. cxb6 Rc4 21. Qd2 Rxb6 22. Na5 Rc8 23. Rc2 Rbb8 24. Bb2 Ba4 25. Rxc8+ Rxc8 26. Rc1 Bd8 27. Rxc8 Qxc8 28. Qc3 Qxc3 29. Bxc3 Bxa5 30. bxa5 Bb5 31. Nd4 Bc4 32. Nc6 Nf4 33. Nd4 Kf8 34. g3 Ne2+ 35. Nxe2 Kg8 1/2-1/2

[Event "Swiss Youth-ch U14 2023"]
[Site "Olten"]
[Date "2023.05.28"]
[Round "6.1"]
[White "Malli, Suvirr"]
[Black "Gut, Raphael"]
[Result "0-1"]
[ECO "B45"]
[WhiteElo "2114"]
[BlackElo "1817"]
[Annotator "NA RC"]
[PlyCount "94"]
[EventDate "2023.05.26"]
[EventType "swiss"]
[EventCountry "SUI"]
[SourceTitle "playchess.com"]
[Source "ChessBase"]
[SourceQuality "1"]
[TimeControl "5400+30"]

1. e4 c5 2. Nf3 e6 3. d4 cxd4 4. Nxd4 Nf6 5. Nc3 Nc6 6. Ndb5 Bc5 7. Nd6+ Ke7 8. Bf4 e5 9. Nf5+ Kf8 10. Bg5 Bb4 11. Ne3 h6 12. Bxf6 Bxc3+ 13. bxc3 Qxf6 14. Bc4 d6 15. O-O h5 $14 16. Kh1 Rh6 17. Rb1 b6 18. Bd5 Bd7 19. Qd3 Rc8 20. Rbd1 h4 21. f3 Rg6 22. Ng4 Qf4 23. Qa6 Rc7 24. Bxc6 Bxc6 25. Qc4 Kg8 26. h3 Kh7 27. Qd3 Bd7 28. Ne3 Qg3 29. Rd2 Rc5 30. c4 Be6 31. a3 Rc6 32. Nd5 Rc5 33. Ne3 Ra5 34. Nd5 a6 35. Nxb6 Bxh3 36. gxh3 Rxa3 37. c3 Rxc3 38. Qb1 Rb3 39. Qd1 Rxb6 40. Rh2 Rc6 41. Qa4 Rb6 42. Qd1 a5 43. Qa1 Rb3 44. Qd1 a4 45. Qe2 a3 46. f4 Rb2 47. f5 Rg5 0-1

[Event "Swiss Youth-ch U14 2023"]
[Site "Olten"]
[Date "2023.05.28"]
[Round "6.2"]
[White "Kanana, Ziad"]
[Black "Gut, Lionel"]
[Result "0-1"]
[ECO "B91"]
[WhiteElo "1828"]
[BlackElo "2054"]
[Annotator "NA RC"]
[PlyCount "66"]
[EventDate "2023.05.26"]
[EventType "swiss"]
[EventCountry "SUI"]
[SourceTitle "playchess.com"]
[Source "ChessBase"]
[SourceQuality "1"]
[TimeControl "5400+30"]

1. e4 c5 2. Nf3 d6 3. d4 cxd4 4. Nxd4 Nf6 5. Nc3 a6 6. g3 e5 7. Nde2 Be7 8. Bg2 h5 9. h3 b5 10. Nd5 Nxd5 11. Qxd5 Ra7 12. O-O O-O 13. Be3 Rb7 14. Rfd1 Qc7 15. Qd2 $11 Nd7 16. f4 Nf6 17. Nc3 b4 18. Nd5 Nxd5 19. exd5 Bf6 20. Rab1 Bf5 21. Rdc1 Qd7 22. Kh2 a5 23. fxe5 Bxe5 24. Bd4 Bxd4 25. Qxd4 Rc7 26. Be4 Re8 27. Re1 Bxe4 28. Rxe4 Rxc2+ 29. Kg1 Rxe4 30. Qxe4 Qa7+ 31. Kh1 Qf2 32. Qe8+ Kh7 33. Qe4+ f5 0-1

[Event "Swiss Youth-ch U14 2023"]
[Site "Olten"]
[Date "2023.05.28"]
[Round "6.3"]
[White "Akinkhov, Mikhail"]
[Black "Breyer, Thierry"]
[Result "1/2-1/2"]
[ECO "E11"]
[WhiteElo "1495"]
[BlackElo "1697"]
[Annotator "NA RC"]
[PlyCount "171"]
[EventDate "2023.05.26"]
[EventType "swiss"]
[EventCountry "SUI"]
[SourceTitle "playchess.com"]
[Source "ChessBase"]
[SourceQuality "1"]
[TimeControl "5400+30"]

1. d4 Nf6 2. c4 e6 3. Nf3 Bb4+ 4. Nbd2 b6 5. a3 Bxd2+ 6. Bxd2 Bb7 7. Bg5 d6 8. e3 Nbd7 9. Be2 O-O 10. O-O h6 11. Bh4 a5 12. b3 Re8 13. Re1 Qc8 14. Rc1 c5 15. Qc2 Be4 16. Qc3 Bf5 17. Bd3 Ne4 18. Qc2 Qb7 19. Nd2 Nxd2 20. Qxd2 Bxd3 21. Qxd3 Nf8 22. e4 cxd4 23. Qxd4 e5 24. Qd2 Qc6 25. Rcd1 Ng6 26. Bg3 Rad8 27. Qd5 Ne7 28. Qxc6 Nxc6 29. a4 Nd4 30. Rd3 Kf8 31. f3 Ne6 32. Bf2 Nc5 33. Bxc5 bxc5 34. Red1 Ke7 35. Kf2 Rd7 36. Ke3 Rb8 37. Rc3 Rdb7 38. Rdd3 g6 39. Kd2 Ke6 40. Ke3 Rb6 41. g3 Rf8 42. Kf2 f5 43. Kg2 Rb7 44. Rd2 Rb6 45. Rdd3 Rbb8 46. Rd2 Rf6 47. Rcd3 Ke7 48. Re2 g5 49. Rf2 Rbf8 50. Rdd2 Ke6 51. Rde2 R6f7 52. Rb2 Rb8 53. Rf1 h5 54. h3 Rbf8 55. Rff2 g4 56. exf5+ Rxf5 57. fxg4 hxg4 58. h4 Rf3 59. Rbe2 R8f6 60. Rb2 e4 61. Rxf3 Rxf3 62. Rb1 Ke5 63. h5 Kf5 64. h6 Kg6 65. Rd1 Rf6 66. Rh1 Kh7 67. Rh4 Rxh6 68. Rxg4 Re6 69. Kf2 Re7 70. Ke3 Rb7 71. Kxe4 Rxb3 72. Kd5 Rd3+ 73. Kc6 Rd4 74. Rf4 Kg6 75. Kb5 Kg5 76. Kxa5 Rd3 77. Kb6 Rxg3 78. Rf8 Rc3 79. Kb5 Rb3+ 80. Kc6 Rb4 81. Kxd6 Rxc4 82. a5 Ra4 83. Rc8 c4 84. Ke5 Rxa5+ 85. Kd4 Ra1 86. Rxc4 1/2-1/2

[Event "Swiss Youth-ch U14 2023"]
[Site "Olten"]
[Date "2023.05.28"]
[Round "6.4"]
[White "Haas, Anthony"]
[Black "Delangle, Alexander"]
[Result "1/2-1/2"]
[ECO "D11"]
[WhiteElo "1530"]
[BlackElo "1621"]
[Annotator "NA RC"]
[PlyCount "129"]
[EventDate "2023.05.26"]
[EventType "swiss"]
[EventCountry "SUI"]
[SourceTitle "playchess.com"]
[Source "ChessBase"]
[SourceQuality "1"]
[TimeControl "5400+30"]

1. d4 d5 2. c4 c6 3. g3 Nf6 4. Bg2 Bf5 5. Nf3 e6 6. O-O h6 7. Nc3 Nbd7 8. a3 Bd6 9. Re1 O-O 10. Nh4 Bh7 11. e4 dxe4 12. Nxe4 Be7 13. Nc3 Nb6 14. b3 Qd7 15. Be3 Rfd8 16. h3 Rac8 17. Qe2 c5 18. Red1 Qe8 19. Bxb7 Rc7 20. Bg2 cxd4 21. Bxd4 Qf8 22. Nb5 Rcd7 23. Bc6 Rxd4 24. Nxd4 Bxa3 25. Nc2 Rxd1+ 26. Rxd1 Bb2 27. Nd4 Ba3 28. Nb5 Bc5 29. Nxa7 Qb8 30. b4 Bxb4 31. Nb5 g5 32. Nf3 Bc5 33. Qe5 Qxe5 34. Nxe5 Be4 35. Bxe4 Nxe4 36. Nd3 Be7 37. Rc1 Nd7 38. Nc3 Nec5 39. Nxc5 Nxc5 40. Nb5 Kg7 41. Kf1 Kf6 42. Nd4 Bd6 43. Ke2 e5 44. Nb5 Be7 45. Nc3 Ke6 46. Nd5 Bd6 47. Ra1 Nd7 48. Ra6 e4 49. Nc3 Nc5 50. Ra8 Kf5 51. Na4 Nb3 52. Rc8 Nd4+ 53. Kf1 Ke6 54. Rh8 f6 55. c5 Be7 56. Rc8 Nb5 57. c6 Kd5 58. Nb6+ Kc5 59. Na4+ Kd5 60. Nb6+ Kc5 61. Na4+ Kd5 62. Nb2 Na7 63. Rh8 Nxc6 64. Rxh6 Nd4 65. Rh8 1/2-1/2

[Event "Swiss Youth-ch U14 2023"]
[Site "Olten"]
[Date "2023.05.28"]
[Round "6.5"]
[White "Gade, Niels Severin"]
[Black "Stoll, Arturo"]
[Result "1/2-1/2"]
[ECO "B80"]
[WhiteElo "1689"]
[BlackElo "1607"]
[Annotator "NA RC"]
[PlyCount "95"]
[EventDate "2023.05.26"]
[EventType "swiss"]
[EventCountry "SUI"]
[SourceTitle "playchess.com"]
[Source "ChessBase"]
[SourceQuality "1"]
[TimeControl "5400+30"]

1. e4 c5 2. Nf3 d6 3. d4 cxd4 4. Nxd4 Nf6 5. Nc3 a6 6. Be3 e6 7. f3 Be7 8. Qd2 b5 9. a4 b4 10. Na2 a5 11. Bb5+ Bd7 12. O-O O-O 13. Rfd1 d5 14. exd5 Nxd5 15. c4 bxc3 16. Nxc3 Bb4 17. Qd3 Nxe3 18. Qxe3 Qb6 19. Kh1 Ra7 20. Rac1 Rd8 21. Qe2 Rc7 22. Nb3 Rdc8 23. Bxd7 Nxd7 24. Nb5 Rxc1 25. Rxc1 Rxc1+ 26. Nxc1 Qc6 27. Nb3 Qd5 28. Qc2 Nc5 29. Nxc5 Qxc5 30. Qxc5 Bxc5 31. g4 Kf8 32. Kg2 Ke7 33. Kf1 e5 34. Ke2 Bb4 35. Kd3 Ke6 36. Ke4 f6 37. Nc7+ Kd7 38. Nd5 Bd6 39. h4 Ke6 40. h5 g6 41. hxg6 hxg6 42. Ne3 Bb4 43. b3 Bd6 44. Nc4 f5+ 45. gxf5+ gxf5+ 46. Kd3 Bb4 47. Ne3 Bc5 48. Nc4 1/2-1/2

[Event "Swiss Youth-ch U14 2023"]
[Site "Olten"]
[Date "2023.05.28"]
[Round "6.6"]
[White "Udipi, Kala Kishan"]
[Black "Breyer, Philippe"]
[Result "1-0"]
[ECO "A45"]
[WhiteElo "1904"]
[BlackElo "1766"]
[Annotator "RC"]
[PlyCount "23"]
[EventDate "2023.05.26"]
[EventType "swiss"]
[EventCountry "SUI"]
[SourceTitle "playchess.com"]
[Source "ChessBase"]
[SourceQuality "1"]
[TimeControl "5400+30"]

1. d4 Nf6 2. g3 e6 3. Bg2 c5 4. c3 Nc6 5. e4 cxd4 6. cxd4 Bb4+ 7. Nc3 d6 8. Nge2 e5 9. d5 Ne7 10. Qa4+ Nc6 11. dxc6 Bxc3+ 12. Nxc3 1-0

[Event "Swiss Youth-ch U14 2023"]
[Site "Olten"]
[Date "2023.05.28"]
[Round "6.7"]
[White "Paholok, Adam"]
[Black "Gafner, Lancelot"]
[Result "1/2-1/2"]
[ECO "D05"]
[WhiteElo "1556"]
[BlackElo "1641"]
[Annotator "NA RC"]
[PlyCount "91"]
[EventDate "2023.05.26"]
[EventType "swiss"]
[EventCountry "SUI"]
[SourceTitle "playchess.com"]
[Source "ChessBase"]
[SourceQuality "1"]
[TimeControl "5400+30"]

1. d4 d5 2. Nf3 Nf6 3. e3 e6 4. Bd3 Bd6 5. Nbd2 c5 6. c3 Nc6 7. O-O Qc7 8. e4 dxe4 9. Nxe4 Nxe4 10. Bxe4 O-O 11. h3 h6 12. Nh4 cxd4 13. cxd4 e5 14. dxe5 Bxe5 15. Nf5 Ne7 16. Nxe7+ Qxe7 17. Qf3 Rb8 18. Rb1 Be6 19. b3 b6 20. Re1 Qf6 21. Qh5 Rbc8 22. Re3 Rc5 23. Qe2 Rfc8 24. Ba3 R5c7 25. Rd1 Rc3 26. Rdd3 Rc2 27. Rd8+ Qxd8 28. Bxc2 Bb8 29. Bb2 Qc7 30. Be5 Qxc2 31. Qxc2 Rxc2 32. Bxb8 Rxa2 33. b4 a5 34. bxa5 bxa5 35. Bd6 a4 36. Ra3 Rxa3 37. Bxa3 g6 38. Kf1 h5 39. h4 Kg7 40. Be7 f6 41. g3 Kf7 42. Bc5 g5 43. Ke2 Kg6 44. Ke3 Bb3 45. Bb4 Ba2 46. Bc5 1/2-1/2

[Event "Swiss Youth-ch U14 2023"]
[Site "Olten"]
[Date "2023.05.28"]
[Round "6.8"]
[White "Van Aepelen, Nikolai"]
[Black "Papaux, Jeremie"]
[Result "0-1"]
[ECO "E24"]
[WhiteElo "1623"]
[BlackElo "1491"]
[Annotator "NA RC"]
[PlyCount "70"]
[EventDate "2023.05.26"]
[EventType "swiss"]
[EventCountry "SUI"]
[SourceTitle "playchess.com"]
[Source "ChessBase"]
[SourceQuality "1"]
[TimeControl "5400+30"]

1. d4 Nf6 2. c4 e6 3. Nc3 Bb4 4. Qc2 c5 5. a3 Bxc3+ 6. bxc3 d6 7. Nf3 O-O 8. e4 b6 9. Bd3 h6 10. O-O Nc6 11. h3 Bb7 12. Re1 Qc7 13. Be3 Rac8 14. d5 Na5 15. Qe2 Ba6 16. Nd2 exd5 17. exd5 Rce8 18. Qf3 Re7 19. Bxh6 Rfe8 20. Rxe7 Qxe7 21. Bg5 Qe5 22. Bxf6 gxf6 23. Ne4 f5 24. Re1 Kf8 25. Qh5 fxe4 26. Qh6+ Qg7 27. Qxd6+ Kg8 28. Re3 Nb7 29. Qd7 Rd8 30. Qa4 exd3 31. Rg3 Nd6 32. Rxg7+ Kxg7 33. Qxa6 d2 34. Qa4 Re8 35. Kh2 Re1 0-1

[Event "Swiss Youth-ch U14 2023"]
[Site "Olten"]
[Date "2023.05.29"]
[Round "7.1"]
[White "Gut, Raphael"]
[Black "Breyer, Thierry"]
[Result "0-1"]
[ECO "E42"]
[WhiteElo "1817"]
[BlackElo "1697"]
[Annotator "NA RC"]
[PlyCount "152"]
[EventDate "2023.05.26"]
[EventType "swiss"]
[EventCountry "SUI"]
[SourceTitle "playchess.com"]
[Source "ChessBase"]
[SourceQuality "1"]
[TimeControl "5400+30"]

1. d4 Nf6 2. c4 e6 3. Nc3 Bb4 4. e3 c5 5. Nge2 b6 6. a3 Ba5 7. Rb1 Na6 8. g3 {[%emt 0:00:02] 8.Ng3 is setting a new trend.} O-O 9. d5 {[%emt 0:02:04] [#]} Ne4 $146 ({Predecessor:} 9... exd5 10. Bg2 d6 11. cxd5 Bf5 12. Ra1 Be4 13. O-O Bxg2 14. Kxg2 Re8 15. f3 Rb8 {0-1 Stalmach,R (2267)-Stocek,J (2595) Pardubice Test 2020 (2.1)}) 10. Bg2 Bxc3+ 11. Nxc3 Nxc3 12. bxc3 Bb7 13. O-O Kh8 (13... Nb8 $14 {feels stronger.}) 14. e4 e5 15. f4 f6 16. f5 Nc7 17. Be3 Ba6 (17... Ne8 $1 $11 {keeps the balance.}) 18. Qa4 Qc8 19. Rf3 Ne8 {[%emt 0:00:56] [#]} 20. Bf1 $1 Nd6 21. Bd3 Rb8 ({Better is} 21... Kg8) 22. g4 $16 Kg8 23. g5 Kf7 24. Rh3 Rh8 25. Kh1 Ke7 26. Rg1 Bxc4 27. Bxc4 b5 28. Qxa7 Nxc4 29. gxf6+ Kxf6 30. Qxc5 Qxc5 31. Bxc5 d6 32. Bb4 Rb7 33. Kg2 Ra7 34. Ra1 Ra6 35. Kf3 Raa8 36. Ke2 Ra7 37. Kd3 Nb2+ 38. Kc2 Nc4 39. Rh4 Ra6 40. Rh3 Raa8 41. Rd3 g6 42. Rf3 g5 43. Ra2 h5 44. Kb3 Ra4 45. Rg3 h4 46. Rg4 Rh5 47. h3 Rh8 48. Rg1 Rh5 49. Rag2 Ra6 50. Re2 Ra4 51. Rgg2 Rh8 52. Rg1 Rh6 53. Ra2 Rh8 54. Kc2 Rh7 55. Kd3 Rh6 56. Rag2 Rh5 57. Rb1 Rh8 58. Ra2 Rh6 59. Raa1 Rh8 60. Rb3 Rh6 61. Rab1 Rh8 62. Bc5 dxc5 63. Rxb5 Nd6 64. Rxc5 g4 65. Rb6 Rd8 66. Rcc6 gxh3 67. Rxd6+ Rxd6 68. Rxd6+ Kg5 69. Rg6+ Kf4 70. f6 h2 71. f7 Ra8 72. Rf6+ Kg3 73. Rf1 Kg2 74. Ke2 h1=Q 75. Rxh1 Kxh1 76. d6 Kg2 0-1

[Event "Swiss Youth-ch U14 2023"]
[Site "Olten"]
[Date "2023.05.29"]
[Round "7.2"]
[White "Gut, Lionel"]
[Black "Haas, Anthony"]
[Result "1-0"]
[ECO "D36"]
[WhiteElo "2054"]
[BlackElo "1530"]
[Annotator "NA RC"]
[PlyCount "97"]
[EventDate "2023.05.26"]
[EventType "swiss"]
[EventCountry "SUI"]
[SourceTitle "playchess.com"]
[Source "ChessBase"]
[SourceQuality "1"]
[TimeControl "5400+30"]

1. d4 d5 2. c4 e6 3. Nc3 Nf6 4. cxd5 exd5 5. Bg5 Be7 6. e3 O-O 7. Bd3 Nbd7 8. Nge2 c6 9. O-O Re8 10. Qc2 Nf8 11. Rae1 g6 12. f3 Ne6 13. Bh4 Kg7 14. Kh1 b5 15. Bf2 a6 16. e4 Bb7 {[%emt 0:05:10] [#]} (16... dxe4 $11 {keeps the balance.} 17. fxe4 (17. Nxe4 Bb7 $11) 17... Ng4) 17. Rd1 (17. e5 $1 $16 Nh5 18. g3) 17... Rc8 18. Qd2 Kg8 19. Nf4 c5 20. Nxe6 fxe6 21. e5 Nd7 22. Ne2 c4 23. Bb1 a5 24. Qh6 Bg5 25. Qh3 Nf8 26. f4 Be7 27. g4 b4 28. f5 Qc7 29. Be1 Bd8 30. Nf4 Qg7 31. Rg1 Bg5 32. Ng2 Qc7 (32... Qh6 $16 {was necessary.} 33. Qf3 Kh8) 33. Bh4 Bxh4 34. Nxh4 c3 35. bxc3 Qxc3 36. Rg3 Qb2 37. fxg6 hxg6 38. Nxg6 Nxg6 39. Bxg6 Re7 40. Rf3 Qe2 41. Rdf1 Rg7 42. Qh5 a4 43. Bh7+ Rxh7 44. Qg6+ Rg7 45. Qxe6+ Kh8 46. Rh3+ Rh7 47. Qf6+ Kg8 48. Qg6+ Rg7 49. Qe6+ 1-0